 Dungeon Crawl Stone Soup version 0.31-a0-152-g6aa68a64a1 (webtiles) character file.

Game seed: 13568643878639407899

976 qw the Skirmisher (level 8, -7/73 HPs)
             Began as a Naga Hunter on June 9, 2023.
             Mangled by an ice beast (12 damage)
             ... on level 6 of the Dungeon.
             The game lasted 00:01:32 (4485 turns).

qw the Skirmisher (Naga Hunter)                     Turns: 4485, Time: 00:01:33

Health: -7/73      AC:  5    Str: 14    XL:     8   Next: 16%
Magic:  8/8        EV: 15    Int: 10    God:
Gold:   241        SH:  0    Dex: 16    Spells: 7/7 levels left

rFire   . . .        i - +0 shortbow (heavy)
rCold   . . .        (shield currently unavailable)
rNeg    . . .        c - +0 leather armour
rPois   +            g - +0 helmet
rElec   .            (no cloak)
rCorr   .            (no gloves)
SInv    +            (no barding)
Will    +....        (no amulet)
Stlth   ++           k - +5 ring of evasion
HPRegen 0.32/turn    (no ring)
MPRegen 0.11/turn

%: no passive effects
@: very slow
A: AC +2, large, see invisible, deformed body, poison resistance, slowness 2,
spit poison 1, naga tail 1
a: Spit Poison


You were on level 6 of the Dungeon.
You visited 2 branches of the dungeon, and saw 7 of its levels.

You collected 241 gold pieces.


Innate Abilities, Weirdness & Mutations

Your serpentine skin is tough. (AC +2)
You have supernaturally acute eyesight. (SInv)
Armour fits poorly on your strangely shaped body.
Your system is resistant to poisons. (rPois)
You cover ground very slowly.
You can spit poison.
You have a snake-like lower body.


   Skills:
 + Level 4.9 Fighting
 - Level 8.0 Ranged Weapons
 - Level 2.0 Dodging
 - Level 1.5 Stealth


You had 7 spell levels left.
You didn't know any spells.
Your spell library was empty.

Inventory:

Hand Weapons
 i - a +0 heavy shortbow (weapon)
Armour
 c - a +0 leather armour (worn)
 g - a +0 helmet (worn)
Jewellery
 k - a +5 ring of evasion (left hand)
Scrolls
 n - a scroll of identify
Potions
 b - a potion of berserk rage {unknown}
 d - a potion of cancellation {unknown}
 e - a potion of resistance {unknown}
 f - a potion of ambrosia {unknown}
 h - 4 potions of curing
 l - a potion of attraction {unknown}
 m - a potion of enlightenment {unknown}

Dungeon Overview and Level Annotations

Branches:
Dungeon (6/15)             Temple (1/1) D:4

Altars:
Ashenzari
Cheibriados
Dithmenos
Elyvilon
Fedhas
Hepliaklqana
Kikubaaqudgha
Makhleb
Nemelex Xobeh
Ru
Sif Muna
Trog
Uskayaw
Vehumet
Wu Jian
Xom
Zin


Message History

The orc priest calls upon Beogh to heal the orc priest.
The orc priest is healed somewhat.
The orc priest calls upon Beogh to heal something.
4478 ||| INVOKING Spit Poison.
Aiming: Spit Poison (1% risk of failure)
Press: ? - help, Shift-Dir - straight line, f/p - orc priest The splash of poison hits the orc priest.
The orc priest is poisoned.
The orc priest is heavily wounded.
The orc priest hits you but does no damage.
You shoot an arrow.
The arrow hits the orc priest but does no damage.
The orc priest is heavily wounded.
The orc warrior looks more healthy.
The orc priest hits you with a +0 whip.
The orc warrior hits you from afar with a +0 halberd!
You shoot an arrow. The arrow hits the orc priest!!
You kill the orc priest!
The orc warrior hits you from afar with a +0 halberd!!
The orc warrior closely misses you.
The orc priest hits you but does no damage.
4481 ||| DRINKING potion of heal wounds.
You feel much better.
The orc warrior hits you from afar with a +0 halberd.
You shoot an arrow.
The arrow hits the ice beast but does no damage.
The orc warrior misses you.
You shoot an arrow. The arrow closely misses the ice beast.
You have got your breath back.
The ice beast barely misses you.
The orc warrior hits you from afar with a +0 halberd!
The ice beast barely misses you. The orc warrior closely misses you.
You shoot an arrow.
The arrow hits the ice beast but does no damage.
The ice beast hits you but does no damage.
The orc priest invokes the aid of Beogh against you.
Beogh smites you!
The orc warrior hits you from afar with a +0 halberd.
You shoot an arrow. The arrow closely misses the ice beast.
The ice beast hits you. The ice beast freezes you!
You die...

... ..# .... #.#
#....|#... #.#
#.....#.#..#.#
.#.....#.#..#.####
.......#.#.......# .#
.......#.##.#.##.######.#
.....oY#.#............#.#
#......#@####.####....#..
#...ooY......# ####...#
##....#.###### #...#
##...#.# ######..>!
##.##.# #......#.# ## #.#
#.###..... #.# #.# #.##.#
#.# #.# #.. .. #.# #.#
#### #


You could see an orc warrior, an ice beast and an orc priest.

Vanquished Creatures
  3 phantoms
  3 scorpions (D:5)
  3 killer bees (D:5)
  A hound (D:5)
  2 jellies (D:5)
  An orc priest (D:6)
  2 iguanas
  An orc wizard (D:3)
  Robin (D:3)
  4 gnolls (D:4)
  7 adders
  3 worms
  4 dart slugs
  22 orcs
  7 ball pythons
  7 endoplasms
  12 goblins
  10 hobgoblins
  2 jackals (D:1)
  5 kobolds
  2 quokkas
  4 bats
  2 frilled lizards
  6 rats
114 creatures vanquished.

Notes
Turn   | Place    | Note
-------+----------+-------------------------------------------
     0 | D:1      | qw the Naga Hunter began the quest for the Orb.
     0 | D:1      | Reached XP level 1. HP: 19/19 MP: 1/1
     0 | D:1      | 0 ||| qw: Version: 0.2-a-122-gbc61b45
     0 | D:1      | 0 ||| qw: Game counter: 3328
     0 | D:1      | 0 ||| qw: Always use a shield: true
     0 | D:1      | 0 ||| qw: God list: Okawaru
     0 | D:1      | 0 ||| qw: Allow faded altars: false
     0 | D:1      | 0 ||| qw: Do Orc after D:15 true
     0 | D:1      | 0 ||| qw: Do second Lair branch before Depths: true
     0 | D:1      | 0 ||| qw: Lair rune preference: random
     0 | D:1      | 0 ||| qw: Plans: Normal
     0 | D:1      | 0 ||| PLANNING D:1-11
    41 | D:1      | 41 ||| INVOKING Spit Poison.
    44 | D:1      | 44 ||| INVOKING Spit Poison.
   158 | D:1      | Found a faded altar of an unknown god.
   216 | D:1      | 216 ||| INVOKING Spit Poison.
   221 | D:1      | Reached skill level 4 in Ranged Weapons
   221 | D:1      | Reached XP level 2. HP: 26/26 MP: 2/2
   266 | D:1      | 266 ||| INVOKING Spit Poison.
   272 | D:1      | 272 ||| INVOKING Spit Poison.
   299 | D:1      | 299 ||| INVOKING Spit Poison.
   306 | D:1      | 306 ||| INVOKING Spit Poison.
   309 | D:1      | 309 ||| INVOKING Spit Poison.
   363 | D:1      | 363 ||| INVOKING Spit Poison.
   384 | D:1      | 384 ||| INVOKING Spit Poison.
   404 | D:1      | 404 ||| INVOKING Spit Poison.
   417 | D:1      | 417 ||| INVOKING Spit Poison.
   647 | D:1      | 647 ||| UPGRADING to +5 ring of evasion.
   648 | D:1      | 648 ||| READING scroll labelled TUFEOJ DOCVAUNOK.
   649 | D:1      | 649 ||| READING scroll labelled JEMNYU QEENA.
   650 | D:1      | 650 ||| READING scroll labelled LUAPOS SAGUYT.
   651 | D:1      | 651 ||| READING scroll labelled BUDUSA BEVYI.
   652 | D:1      | 652 ||| DRINKING 3 fizzy green potions.
   653 | D:1      | 653 ||| DROPPING scroll of butterflies.
   692 | D:2      | 692 ||| INVOKING Spit Poison.
   694 | D:2      | Reached XP level 3. HP: 32/32 MP: 3/3
   720 | D:2      | 720 ||| INVOKING Spit Poison.
   724 | D:2      | 724 ||| INVOKING Spit Poison.
   734 | D:2      | 734 ||| INVOKING Spit Poison.
   745 | D:2      | 745 ||| INVOKING Spit Poison.
   851 | D:2      | 851 ||| INVOKING Spit Poison.
   897 | D:2      | 897 ||| INVOKING Spit Poison.
   948 | D:2      | 948 ||| INVOKING Spit Poison.
   950 | D:2      | Reached skill level 5 in Ranged Weapons
   950 | D:2      | Reached XP level 4. HP: 39/39 MP: 4/4
   952 | D:2      | 952 ||| INVOKING Spit Poison.
  1025 | D:2      | 1025 ||| INVOKING Spit Poison.
  1030 | D:2      | 1030 ||| INVOKING Spit Poison.
  1072 | D:2      | 1072 ||| INVOKING Spit Poison.
  1479 | D:2      | 1479 ||| READING 3 scrolls labelled GAEHUYJALI.
  1480 | D:2      | 1480 ||| READING scroll labelled WELIDI XAIN.
  1481 | D:2      | 1481 ||| READING scroll labelled OKHLEMP GEETUUMP.
  1482 | D:2      | 1482 ||| READING scroll labelled ZINWOF FULUXO.
  1483 | D:2      | 1483 ||| DRINKING 2 green potions.
  1484 | D:2      | 1484 ||| DROPPING 2 scrolls of magic mapping.
  1512 | D:3      | 1512 ||| INVOKING Spit Poison.
  1517 | D:3      | 1517 ||| INVOKING Spit Poison.
  1521 | D:3      | 1521 ||| INVOKING Spit Poison.
  1522 | D:3      | Reached skill level 3 in Fighting
  1536 | D:3      | 1536 ||| INVOKING Spit Poison.
  1582 | D:3      | 1582 ||| INVOKING Spit Poison.
  1586 | D:3      | Reached XP level 5. HP: 46/49 MP: 5/5
  1640 | D:3      | 1640 ||| INVOKING Spit Poison.
  1643 | D:3      | 1643 ||| INVOKING Spit Poison.
  1727 | D:3      | 1727 ||| INVOKING Spit Poison.
  1736 | D:3      | 1736 ||| INVOKING Spit Poison.
  1748 | D:3      | 1748 ||| INVOKING Spit Poison.
  1751 | D:3      | 1751 ||| INVOKING Spit Poison.
  1756 | D:3      | 1756 ||| INVOKING Spit Poison.
  1812 | D:3      | 1812 ||| INVOKING Spit Poison.
  1940 | D:3      | 1940 ||| INVOKING Spit Poison.
  1946 | D:3      | 1946 ||| INVOKING Spit Poison.
  2010 | D:3      | 2010 ||| Stepping ~*~*~tactically~*~*~ (outnumbered).
  2012 | D:3      | 2012 ||| INVOKING Spit Poison.
  2015 | D:3      | 2015 ||| INVOKING Spit Poison.
  2093 | D:3      | Noticed Robin
  2095 | D:3      | 2095 ||| INVOKING Spit Poison.
  2098 | D:3      | 2098 ||| INVOKING Spit Poison.
  2101 | D:3      | 2101 ||| INVOKING Spit Poison.
  2104 | D:3      | 2104 ||| INVOKING Spit Poison.
  2105 | D:3      | HP: 12/49 [goblin/+0 club[Robin] (2)]
  2106 | D:3      | 2106 ||| DRINKING potion of heal wounds.
  2108 | D:3      | 2108 ||| INVOKING Spit Poison.
  2108 | D:3      | Killed Robin
  2111 | D:3      | 2111 ||| INVOKING Spit Poison.
  2114 | D:3      | 2114 ||| INVOKING Spit Poison.
  2117 | D:3      | 2117 ||| INVOKING Spit Poison.
  2333 | D:3      | 2333 ||| UPGRADING to +0 helmet.
  2338 | D:3      | 2338 ||| READING scroll labelled QUNETI VIUX.
  2363 | D:4      | Noticed a phantom
  2373 | D:4      | Killed a phantom
  2374 | D:4      | Reached skill level 6 in Ranged Weapons
  2374 | D:4      | Reached XP level 6. HP: 41/56 MP: 6/6
  2453 | D:4      | Found a white marble altar of Elyvilon.
  2488 | D:4      | Found a staircase to the Ecumenical Temple.
  2489 | D:4      | 2489 ||| PLANNING TEMPLE
  2489 | D:4      | 2489 ||| DRINKING 2 lumpy silvery potions.
  2490 | D:4      | 2490 ||| DROPPING potion of degeneration.
  2499 | Temple   | Entered the Ecumenical Temple
  2718 | Temple   | 2718 ||| PLANNING D:1-11
  2855 | D:4      | 2855 ||| INVOKING Spit Poison.
  2860 | D:4      | 2860 ||| INVOKING Spit Poison.
  2891 | D:4      | 2891 ||| INVOKING Spit Poison.
  2895 | D:4      | 2895 ||| INVOKING Spit Poison.
  2898 | D:4      | 2898 ||| INVOKING Spit Poison.
  2903 | D:4      | 2903 ||| INVOKING Spit Poison.
  2958 | D:4      | 2958 ||| INVOKING Spit Poison.
  2959 | D:4      | 2959 ||| INVOKING Spit Poison.
  3093 | D:4      | 3093 ||| INVOKING Spit Poison.
  3103 | D:4      | 3103 ||| INVOKING Spit Poison.
  3142 | D:4      | 3142 ||| INVOKING Spit Poison.
  3157 | D:4      | 3157 ||| INVOKING Spit Poison.
  3160 | D:4      | 3160 ||| INVOKING Spit Poison.
  3163 | D:4      | 3163 ||| INVOKING Spit Poison.
  3166 | D:4      | 3166 ||| INVOKING Spit Poison.
  3534 | D:5      | Entered Level 5 of the Dungeon
  3580 | D:5      | 3580 ||| INVOKING Spit Poison.
  3642 | D:5      | 3642 ||| INVOKING Spit Poison.
  3658 | D:5      | 3658 ||| INVOKING Spit Poison.
  3663 | D:5      | 3663 ||| INVOKING Spit Poison.
  3666 | D:5      | 3666 ||| INVOKING Spit Poison.
  3668 | D:5      | Reached XP level 7. HP: 52/64 MP: 7/7
  3712 | D:5      | 3712 ||| INVOKING Spit Poison.
  3714 | D:5      | Reached skill level 7 in Ranged Weapons
  3715 | D:5      | 3715 ||| INVOKING Spit Poison.
  3718 | D:5      | 3718 ||| INVOKING Spit Poison.
  3721 | D:5      | 3721 ||| INVOKING Spit Poison.
  3732 | D:5      | 3732 ||| FLEEEEING.
  3733 | D:5      | 3733 ||| FLEEEEING.
  3734 | D:5      | 3734 ||| STAIRDANCE
  3870 | D:4      | 3870 ||| READING 2 scrolls of identify.
  3870 | D:4      | 3870 ||| IDENTIFYING bubbling brown potion
  3871 | D:4      | 3871 ||| DROPPING potion of lignification.
  4005 | D:5      | 4005 ||| INVOKING Spit Poison.
  4006 | D:5      | 4006 ||| INVOKING Spit Poison.
  4030 | D:5      | 4030 ||| INVOKING Spit Poison.
  4220 | D:5      | 4220 ||| INVOKING Spit Poison.
  4223 | D:5      | Reached skill level 8 in Ranged Weapons
  4282 | D:5      | Found a hazy altar of Hepliaklqana.
  4286 | D:5      | 4286 ||| INVOKING Spit Poison.
  4288 | D:5      | Reached XP level 8. HP: 72/72 MP: 8/8
  4294 | D:5      | 4294 ||| INVOKING Spit Poison.
  4297 | D:5      | 4297 ||| INVOKING Spit Poison.
  4392 | D:5      | 4392 ||| READING scroll labelled TOBOMA VUENN.
  4393 | D:5      | 4393 ||| READING scroll labelled EGUMEH NYSITES.
  4398 | D:5      | 4398 ||| READING scroll labelled VOSOXIAPSA.
  4447 | D:6      | 4447 ||| INVOKING Spit Poison.
  4465 | D:6      | 4465 ||| Stepping ~*~*~tactically~*~*~ (outnumbered).
  4468 | D:6      | 4468 ||| Stepping ~*~*~tactically~*~*~ (outnumbered).
  4470 | D:6      | 4470 ||| Stepping ~*~*~tactically~*~*~ (outnumbered).
  4472 | D:6      | 4472 ||| Stepping ~*~*~tactically~*~*~ (outnumbered).
  4474 | D:6      | 4474 ||| INVOKING Spit Poison.
  4477 | D:6      | 4477 ||| Stepping ~*~*~tactically~*~*~ (outnumbered).
  4478 | D:6      | 4478 ||| INVOKING Spit Poison.
  4480 | D:6      | HP: 8/73 [orc warrior/+0 halberd (19)]
  4481 | D:6      | 4481 ||| DRINKING potion of heal wounds.
  4485 | D:6      | HP: 5/73 [ice beast (3)]
  4485 | D:6      | Mangled by an ice beast

Levels and vault maps discovered:
D:1:      psy_arrival_radial01, layout_basic,
          ebering_ecumenical_altar_sacrificial
D:2:      layout_basic
D:3:      layout_basic, uniq_robin
D:4:      layout_cave_pods, elyvilon_altar_1,
          minmay_temple_entry_statues_fountains, corexii_checkpoint_b
D:5:      layout_loops_ring, lemuel_doored_altar
D:6:      layout_basic, nicolae_qazlal_style_of_elements,
          mainiacjoe_overflow_paths, serial_glass, glass_columns_b,
          glass_columns_b, nrook_mini_backslash
Temple:   regret_index_temple_generic_petals

Skill      XL: |  1  2  3  4  5  6  7 |
---------------+----------------------+-----
Ranged Weapons | 4 5 6 8 |  8.0
Fighting       | 3 4 |  4.9
Dodging        | 2 |  2.0
Stealth        | |  1.5

Action                     |  1- 3 |  4- 6 |  7- 9 || total
---------------------------+-------+-------+-------++-------
   Fire: Shortbow          |    54 |   119 |    47 ||   220
Ability: Spit Poison       |    20 |    48 |    13 ||    81
    Use: Scroll            |     4 |     5 |     4 ||    13
         Potion            |     1 |     3 |     1 ||     5
 Armour: Leather armour    |     4 |    27 |    14 ||    45
  Dodge: Dodged            |    25 |    81 |    33 ||   139

Table legend:
 A = Non-vault XP
 B = Vault XP
 C = Vault XP percentage of total XP
 D = Non-vault monster count
 E = Vault monster count
 F = Vault count percentage of total count
                 A         B        C        D         E       F
            +---------+---------+-------+---------+---------+-------
      Total |    1359 |      36 |   2.6 |     101 |      13 |  11.4
            +---------+---------+-------+---------+---------+-------
        D:1 |      32 |       0 |   0.0 |      18 |       0 |   0.0
        D:2 |      65 |       0 |   0.0 |      18 |       0 |   0.0
        D:3 |     143 |      33 |  18.8 |      28 |      11 |  28.2
        D:4 |     235 |       3 |   1.3 |      17 |       2 |  10.5
        D:5 |     840 |       0 |   0.0 |      18 |       0 |   0.0
        D:6 |      44 |       0 |   0.0 |       2 |       0 |   0.0
            +---------+---------+-------+---------+---------+-------
